 Dungeon Crawl Stone Soup version 0.30-b1-2-g02819fbbbe (webtiles) character file.

Game seed: 1946722789840222341

175 nikku the Trooper (level 5, -1/46 (48) HPs)
             Began as a Hill Orc Fighter on Jan 13, 2024.
             Slain by a wight
             ... wielding a +2 scimitar of freezing
              (3 damage)
             ... on level 3 of the Dungeon.
             The game lasted 00:10:26 (1952 turns).

nikku the Trooper (Hill Orc Fighter)                Turns: 1952, Time: 00:10:27

HP:   -1/46 (48)    AC:  7    Str: 21    XL:     5   Next: 55%
MP:   5/5           EV:  9    Int:  8    God:
Gold: 55            SH:  4    Dex: 10    Spells: 4/4 levels left

rFire   . . .        a - +1 war axe (venom)
rCold   . . .        c - +0 buckler
rNeg    . . .        b - +0 scale mail
rPois   .            (no helmet)
rElec   .            (no cloak)
rCorr   .            (no gloves)
SInv    .            (no boots)
Will    .....        (no amulet) Stlth
                     (no ring)
HPRegen 0.27/turn    (no ring)
MPRegen 0.09/turn

%: no passive effects
@: lightly drained
A: no striking features
a: no special abilities


You were on level 3 of the Dungeon.
You visited 1 branch of the dungeon, and saw 3 of its levels.

You collected 55 gold pieces.

Inventory:

Hand Weapons
 a - a +1 war axe of venom (weapon)
Armour
 b - a +0 scale mail (worn)
 c - a +0 buckler (worn)
Jewellery
 f - an amulet of faith
Scrolls
 d - a scroll of fog {unknown}
 e - 3 scrolls of identify
Potions
 g - a potion of cancellation
 h - a potion of curing


   Skills:
 * Level 5.1 Fighting
 + Level 5.1 Axes
 + Level 4.0 Armour
 + Level 3.8 Shields


You had 4 spell levels left.
You didn't know any spells.
Your spell library was empty.

Dungeon Overview and Level Annotations

Branches:
Dungeon (3/15)

Altars:


Message History

The wight is moderately damaged.
The wight hits you with a +3 dire flail!
You hit the wight.
The wight is severely damaged.
A wight comes into view.
It is wielding a +2 scimitar of freezing.
You block the wight's attack.
The wight hits you with a +3 dire flail.
You feel drained.
You hit the wight.
The wight is severely damaged.
The wight barely misses you.
A wight comes into view. It is wielding a +0 flail.
You slash the wight!
You destroy the wight!
Your life force feels restored.
Your Fighting skill increases to level 5!
Your Axes skill increases to level 5!
Your Armour skill increases to level 4!
Things that are here:
a +3 dire flail; a +0 robe You hit the wight but do no damage.
The wight hits you with a +2 scimitar of freezing!
You feel drained. The wight freezes you.
You hit the wight.
The wight is moderately damaged.
The wight barely misses you. You block the wight's attack.
You hit the wight but do no damage.
The wight is moderately damaged.
The wight closely misses you.
You closely miss the wight.
The wight is moderately damaged.
The wight hits you with a +2 scimitar of freezing!
* * * LOW HITPOINT WARNING * * *
The wight freezes you.
* * * LOW HITPOINT WARNING * * *
You closely miss the wight.
The wight is moderately damaged.
The wight hits you with a +2 scimitar of freezing!
* * * LOW HITPOINT WARNING * * *
The wight freezes you.
You die...

##.<.# ##...# #.# ######
#.# ##### #.# #...####..
... ##.#.#....# #.#
#.....### # #z# ..#.....#.#
#z# #.....#.#.# #@#
##.#.#....# #.# ##.#.##.#.#
##.####### .....##...#
#.........
.#.####.#######..#######
...................######.#
######....#######.........#
#..#.# ###..######.#
######..#.# ##.#..##


You could see 2 wights.

Vanquished Creatures
  A wight (D:3)
  Terence (D:3)
  2 adders
  2 worms (D:2)
  5 dart slugs
  An endoplasm (D:3)
  A giant cockroach (D:1)
  10 goblins
  8 hobgoblins
  4 jackals (D:3)
  A quokka (D:1)
  6 ball pythons
  4 bats
  4 frilled lizards
  8 kobolds
  7 rats
65 creatures vanquished.

Notes
Turn   | Place    | Note
-------+----------+-------------------------------------------
     0 | D:1      | nikku the Hill Orc Fighter began the quest for the Orb.
     0 | D:1      | Reached XP level 1. HP: 19/19 MP: 1/1
   136 | D:1      | Reached XP level 2. HP: 27/27 MP: 2/2
   435 | D:1      | Reached XP level 3. HP: 33/33 MP: 3/3
  1466 | D:2      | Reached XP level 4. HP: 41/41 MP: 4/4
  1759 | D:3      | Noticed Terence
  1765 | D:3      | Killed Terence
  1895 | D:3      | Reached XP level 5. HP: 42/47 MP: 5/5
  1947 | D:3      | Reached skill level 5 in Fighting
  1947 | D:3      | Reached skill level 5 in Axes
  1952 | D:3      | HP: 2/46 [wight/+2 scimitar of freezing (9)]
  1952 | D:3      | Slain by a wight

Illustrated notes

Levels and vault maps discovered:
D:1:      wander_arrival_desolate, layout_rooms
D:2:      minmay_recursive_quarters, layout_basic
D:3:      layout_loops_ring, gammafunk_ghost_mausoleum, serial_shops,
          nicolae_shop_tiny_real_fake_doors, nicolae_elevator_lobby_plus,
          uniq_terence

Skill      XL: |  1  2  3  4  5 |
---------------+----------------+-----
Fighting       | 4 5 |  5.1
Axes           | 3 4 5 |  5.1
Armour         | 4 |  4.0
Shields        | |  3.8

Action                     |  1- 3 |  4- 6 || total
---------------------------+-------+-------++-------
  Melee: War axe           |   105 |    57 ||   162
    Use: Scroll            |     5 |     2 ||     7
         Potion            |       |     3 ||     3
 Armour: Scale mail        |    36 |    22 ||    58
  Dodge: Dodged            |    49 |    25 ||    74
  Block: Buckler           |    25 |    14 ||    39
